 Dungeon Crawl Stone Soup version 0.21.1-1-g345015f (webtiles) character file.

137211 Mirai the Eclecticist (level 16, 0/104 HPs)
             Began as a Deep Elf Conjurer on Apr 5, 2018.
             Was the Champion of Vehumet.
             Slain by an alligator (9 damage)
             ... led by an alligator
             ... on level 4 of the Swamp on Apr 6, 2018.
             The game lasted 03:04:29 (36672 turns).

Mirai the Eclecticist (Deep Elf Conjurer)          Turns: 36672, Time: 03:04:29

Health: 0/104      AC: 19    Str:  6    XL:     16   Next: 68%
Magic:  0/43       EV: 20    Int: 39    God:    Vehumet [******]
Gold:   579        SH:  0    Dex: 17    Spells: 17/47 levels left

rFire    . . .     SeeInvis +   Q - +1 hand axe "Ahon" {flame, +Blink MR+ Int+2 Dex+2}
rCold    + . .     Gourm    .   (no shield)
rNeg     + . .     Faith    .   W - +4 moon troll leather armour {Spirit, Regen++ MP+5}
rPois    .         Spirit   +   s - +2 hat
rElec    .         Reflect  .   J - +1 cloak
rCorr    .         Harm     .   u - +2 pair of gloves
MR       +....     Clarity  +   f - +1 pair of boots "Weasuw" {*Corrode MR- Int+10 SInv}
Stlth    ++........             (no amulet)
HPRegen  1.07/turn              S - ring of protection from cold
MPRegen  0.28/turn              i - ring of positive energy

@: lethally poisoned (0 -> 0)
A: iridescent scales 1, clarity, robust 1
a: Renounce Religion, Evoke Blink


You were on level 4 of the Swamp.
You worshipped Vehumet.
Vehumet was exalted by your worship.
You were hungry.

You visited 4 branches of the dungeon, and saw 26 of its levels.
You also visited: Ossuary.

You collected 3137 gold pieces.
You spent 2558 gold pieces at shops.

Inventory:

Hand Weapons
 Q - the +1 hand axe "Ahon" (weapon) {flame, +Blink MR+ Int+2 Dex+2}
   (You found it on level 1 of the Lair of Beasts)

   It has been specially enchanted to burn those struck by it, causing extra
   injury to most foes and up to half again as much damage against particularly
   susceptible opponents.
   Big, fiery blades are also staple armaments of hydra-hunters.
   It affects your intelligence (+2).
   It affects your dexterity (+2).
   It affects your resistance to hostile enchantments.
   It lets you blink.
Armour
 f - the +1 pair of boots "Weasuw" (worn) {*Corrode MR- Int+10 SInv}
   (You bought it in a shop on level 12 of the Dungeon)

   It affects your intelligence (+10).
   It affects your resistance to hostile enchantments.
   It lets you see invisible.
   It may corrode you when you take damage.
 s - a +2 hat (worn)
 u - a +2 pair of gloves (worn)
 J - a +1 cloak (worn)
 W - the +4 moon troll leather armour (worn) {Spirit, Regen++ MP+5}
   (You bought it in a shop on level 2 of the Orcish Mines)

   It affects your magic capacity (+5).
   It increases your rate of regeneration.
Magical Staves
 Y - an uncursed staff of wizardry
Jewellery
 i - a ring of positive energy (right hand)
 y - an uncursed amulet of the gourmand
 z - an uncursed ring of fire
 S - a ring of protection from cold (left hand)
Wands
 m - a wand of iceblast (2)
 r - a wand of paralysis (27)
 C - a wand of disintegration (1)
 H - a wand of acid (4)
 P - a wand of flame (26)
Scrolls
 d - 10 scrolls of identify
 g - 5 scrolls of amnesia
 j - 27 scrolls of remove curse
 o - 6 scrolls of teleportation
 q - 4 scrolls of fog
 v - 6 scrolls of immolation
 A - a scroll of holy word
 D - 4 scrolls of enchant weapon
 G - 3 scrolls of fear
 N - a scroll of acquirement
 O - 5 scrolls of blinking
Potions
 e - 9 potions of flight
 h - 2 potions of brilliance
 k - 5 potions of heal wounds
 l - 5 potions of curing
 B - a potion of magic
 F - 2 potions of ambrosia
 I - 2 potions of haste
 L - 2 potions of resistance
 X - 3 potions of mutation
Books
 a - a book of Debilitation

   Spells                             Type                      Level
   a - Corona                         Hexes                        1
   b - Slow                           Hexes                        2
   c - Inner Flame                    Hexes/Fire                   3
   d - Portal Projectile              Hexes/Translocation          3
   e - Cause Fear                     Hexes                        4
   f - Leda's Liquefaction            Hexes/Earth                  4
 b - a book of Conjurations

   Spells                             Type                      Level
   a - Magic Dart                     Conjuration                  1
   b - Searing Ray                    Conjuration                  2
   c - Dazzling Spray                 Conjuration/Hexes            3
   d - Fulminant Prism                Conjuration/Hexes            4
   e - Force Lance                    Conjuration/Translocation    4
   f - Iskenderun's Mystic Blast      Conjuration                  4
 n - a book of Callings

   Spells                             Type                      Level
   a - Summon Small Mammal            Summoning                    1
   b - Call Imp                       Summoning                    2
   c - Call Canine Familiar           Summoning                    3
   d - Summon Guardian Golem          Hexes/Summoning              3
   e - Summon Lightning Spire         Summoning/Air                4
   f - Summon Ice Beast               Ice/Summoning                4
 p - a book of Battle

   Spells                             Type                      Level
   a - Infusion                       Charms                       1
   b - Shroud of Golubria             Charms/Translocation         2
   c - Song of Slaying                Charms                       2
   d - Spectral Weapon                Hexes/Charms                 3
   e - Regeneration                   Charms/Necromancy            3
 t - a Fen Folio

   Spells                             Type                      Level
   a - Corpse Rot                     Necromancy                   2
   b - Stone Arrow                    Conjuration/Earth            3
   c - Leda's Liquefaction            Hexes/Earth                  4
   d - Summon Forest                  Summoning/Translocation      5
   e - Hydra Form                     Transmutation                6
   f - Summon Hydra                   Summoning                    7
 w - a book of Cantrips

   Spells                             Type                      Level
   a - Confusing Touch                Hexes                        1
   b - Animate Skeleton               Necromancy                   1
   c - Summon Small Mammal            Summoning                    1
   d - Apportation                    Translocation                1
 x - a book of Air

   Spells                             Type                      Level
   a - Shock                          Conjuration/Air              1
   b - Swiftness                      Charms/Air                   2
   c - Static Discharge               Conjuration/Air              3
   d - Airstrike                      Air                          4
   e - Lightning Bolt                 Conjuration/Air              5
 M - a book of Changes

   Spells                             Type                      Level
   a - Beastly Appendage              Transmutation                1
   b - Sticks to Snakes               Transmutation                2
   c - Spider Form                    Transmutation/Poison         3
   d - Ice Form                       Ice/Transmutation            4
   e - Blade Hands                    Transmutation                5
 T - a book of Power

   Spells                             Type                      Level
   a - Iskenderun's Battlesphere      Conjuration/Charms           5
   b - Venom Bolt                     Conjuration/Poison           5
   c - Bolt of Magma                  Conjuration/Fire/Earth       5
   d - Iron Shot                      Conjuration/Earth            6
   e - Orb of Destruction             Conjuration                  7
   f - Spellforged Servitor           Conjuration/Summoning        7
 U - a book of Necromancy

   Spells                             Type                      Level
   a - Pain                           Necromancy                   1
   b - Animate Skeleton               Necromancy                   1
   c - Vampiric Draining              Necromancy                   3
   d - Regeneration                   Charms/Necromancy            3
   e - Animate Dead                   Necromancy                   4
   f - Borgnjor's Vile Clutch         Necromancy/Earth             5
 V - a book of Enchantments

   Spells                             Type                      Level
   a - Cause Fear                     Hexes                        4
   b - Yara's Violent Unravelling     Hexes/Transmutation          5
   c - Silence                        Hexes/Air                    5
   d - Deflect Missiles               Charms/Air                   6
   e - Discord                        Hexes                        8
Miscellaneous
 E - a phantom mirror
 K - a sack of spiders
 R - a crystal ball of energy
Comestibles
 c - 38 rations
 Z - 3 chunks of flesh


   Skills:
 + Level 8.9 Fighting
 - Level 3.0 Armour
 + Level 12.7 Dodging
 - Level 2.4 Stealth
 + Level 16.1 Spellcasting
 * Level 14.0 Conjurations
 * Level 13.2 Hexes
 * Level 15.1 Fire Magic
 + Level 10.4 Evocations


You had 17 spell levels left.
You knew the following spells:

 Your Spells              Type           Power        Failure   Level  Hunger
a - Magic Dart            Conj           ####         0%          1    None
b - Searing Ray           Conj           ######       0%          2    None
c - Iskenderun's Mystic   Conj           #######.     1%          4    None
d - Fulminant Prism       Conj/Hex       #######...   1%          4    None
e - Flame Tongue          Conj/Fire      #####        0%          1    None
f - Iskenderun's Battles  Conj/Chrm      ######..     1%          5    None
g - Orb of Destruction    Conj           #######...   1%          7    ###....
h - Iron Shot             Conj/Erth      ######....   3%          6    None


Dungeon Overview and Level Annotations

Branches:
Dungeon (15/15)            Temple (0/1) D:5            Lair (5/6) D:10
  Swamp (4/4) Lair:4        Snake (0/4) Lair:3        Slime (0/5) Lair:5
    Orc (2/2) D:9             Elf (0/3) Orc:2        Vaults (0/5) D:13
 Depths (0/5) D:15

Altars:
Ashenzari
Gozag
Hepliaklqana
Makhleb
Sif Muna
Uskayaw
Vehumet
Beogh

Shops:
D:8 }   D:10 %   D:12 [   Orc:1 :(   Orc:2 ([*:


Innate Abilities, Weirdness & Mutations

You are partially covered in iridescent scales. (AC +2)
You possess an exceptional clarity of mind.
You are robust. (+10% HP)


Message History

The seven-headed hydra completely misses you.
The seven-headed hydra barely misses you.
The seven-headed hydra closely misses you.
The seven-headed hydra barely misses you.
The seven-headed hydra closely misses you.
You blink.
Splash!
You fall into the shallow water.
Moving in this stuff is going to be slow.
You feel slightly more hungry.
You feel sick.
Casting: Orb of Destruction
Confirm with . or Enter, or press ? or * to list all spells.
You don't have enough magic to cast that spell.
You feel sick.
You feel sick. The alligator completely misses you. The alligator misses you.
You feel sick. The alligator bites you!!
* * * LOW HITPOINT WARNING * * *
The alligator barely misses you.
You feel sick. The alligator bites you!
You die...

♣♣♣.≈≈≈.≈♣♣ ≈≈.♣
♣♣≈≈...≈≈≈.♣ ♣♣
♣♣...≈%≈≈≈≈.♣
♣≈≈≈≈≈.≈≈≈≈.♣♣
♣.≈≈≈≈.<≈≈≈≈≈♣
♣♣....≈≈≈≈≈÷.♣♣ ♣♣
♣♣♣.≈≈≈≈≈%...♣♣♣♣♣≈♣
♣≈≈♣♣≈...≈≈..≈≈.≈♣
♣♣≈@D≈≈≈≈≈≈≈....♣♣
♣≈≈≈t≈≈≈≈≈..§≈≈≈≈♣♣
♣♣♣♣.≈D§≈≈§≈≈≈≈≈≈.♣
♣≈.≈≈≈.≈≈≈≈≈≈≈.♣♣
♣♣.≈≈≈.≈≈≈≈≈≈≈.≈♣
♣.≈≈≈♣.≈≈≈≈≈.≈..
♣≈≈♣♣♣♣..§≈..≈≈≈
♣♣.≈♣♣≈......≈≈≈
♣.≈≈.≈≈.♣≈♣♣♣≈..


You could see an alligator, a seven-headed hydra and a swamp dragon.

Vanquished Creatures
  Bai Suzhen (Swamp:3)
  Frances (Swamp:2)
  Kirke (D:15)
  Donald (Swamp:1)
  4 thorn hunters
  An orc warlord (Orc:2)
  A very ugly thing (Swamp:3)
  Josephine (D:15)
  Erolcha (D:9)
  A yaktaur captain (D:15)
  3 ghost crabs
  Harold (D:11)
  4 centaur warriors
  7 hydras
  8 alligators
  11 two-headed ogres
  Erica (Lair:1)
  2 ogre magi
  3 death yaks
  4 tengu warriors (D:14)
  4 spriggans
  4 orc high priests (Orc:2)
  Sonja (D:10)
  5 skeletal warriors (D:14)
  2 unseen horrors
  A spriggan druid (Swamp:2)
  6 swamp dragons
  4 shambling mangroves
  4 harpies (D:14)
  3 orc knights (Orc:2)
  A necromancer (D:13)
  13 ugly things
  3 orc sorcerers (Orc:2)
  A deep elf mage (D:15)
  2 oklob plants (Swamp:3)
  7 cyclopes
  2 manticores (D:15)
  3 centaur zombies (D:14)
  An ice statue (D:9)
  2 black mambas
  2 gargoyles
  12 spiny frogs
  3 rime drakes
  The ghost of Phong the Conjurer, a novice OpVM (D:6)
  A yaktaur (D:15)
  A tengu conjurer (D:14)
  8 komodo dragons
  2 polar bears
  6 trolls
  10 hornets
  Prince Ribbit (D:6)
  26 slime creatures
  8 tyrant leeches
  19 blink frogs
  6 bog bodies
  4 hippogriffs
  Sigmund (D:2)
  23 yaks
  A shadow (Swamp:4)
  2 wyverns (Lair:4)
  8 wraiths
  2 basilisks
  8 hogs
  The ghost of Mesmaeker13 the Charmwright, an amateur DgSk (D:4)
  A steam dragon (D:13)
  A human (D:7)
  33 vampire mosquitoes
  A hungry ghost (D:7)
  20 swamp worms
  10 insubstantial wisps
  4 wargs
  3 acid dragons
  A soldier ant (D:13)
  10 water moccasins
  11 porcupines
  7 sky beasts
  6 ice beasts
  4 black bears
  33 orc warriors
  10 swamp drakes
  A phantom (D:5)
  A necrophage (D:8)
  20 ogres
  9 wolves (Lair:3)
  6 crocodiles
  16 centaurs
  The ghost of lyrx the Conjurer, an amateur DsCj (D:3)
  A big kobold (D:8)
  18 bullfrogs
  A water moccasin skeleton (D:11)
  5 scorpions
  A vampire bat (Lair:4)
  15 killer bees
  20 wights
  3 howler monkeys
  3 bullfrog zombies
  8 crimson imps
  28 orc priests
  5 hounds
  11 jellies
  5 bullfrog skeletons
  5 centaur skeletons
  5 iguanas
  Natasha (twice) (D:2)
  27 orc wizards
  17 worker ants
  8 mummies (Ossuary)
  3 hound skeletons
  5 worker ant zombies
  3 gnolls (D:8)
  8 adders
  A shadow imp (D:12)
  4 oozes
  An adder skeleton (D:4)
  2 adder zombies
  5 worms
  A dart slug (D:2)
  8 leopard geckos
  89 orcs
  3 ball pythons
  6 giant cockroaches
  9 hobgoblins
  12 jackals
  6 quokkas
  8 bats
  8 frilled lizards
  3 gnoll zombies (Ossuary)
  5 goblins
  2 hobgoblin zombies (Ossuary)
  12 kobolds
  A kobold zombie (Ossuary)
  3 leopard gecko skeletons
  A leopard gecko zombie (D:8)
  2 orc zombies (Ossuary)
  7 rats
  8 briar patches (Swamp:3)
  4 fungi
909 creatures vanquished.

Vanquished Creatures (others)
  2 death yaks (Lair:5)
  2 humans (D:15)
  An orc wizard (Orc:2)
  A briar patch (Swamp:3)
  69 fulminant prisms
  15 fungi
  4 plants
94 creatures vanquished.

Grand Total: 1003 creatures vanquished

Notes
Turn   | Place    | Note
-------+----------+-------------------------------------------
     0 | D:1      | Mirai the Deep Elf Conjurer began the quest for the Orb.
     0 | D:1      | Reached XP level 1. HP: 10/10 MP: 6/6
   160 | D:1      | Reached skill level 4 in Spellcasting
   160 | D:1      | Reached XP level 2. HP: 13/15 MP: 0/9
   164 | D:1      | Learned a level 2 spell: Searing Ray
  1105 | D:2      | Found an opulent altar of Gozag.
  1241 | D:2      | Reached XP level 3. HP: 19/19 MP: 7/11
  1264 | D:2      | Noticed Natasha
  1269 | D:2      | Killed Natasha
  1269 | D:2      | Reached skill level 5 in Spellcasting
  1500 | D:2      | Reached skill level 6 in Spellcasting
  1500 | D:2      | Reached XP level 4. HP: 20/24 MP: 8/14
  1528 | D:2      | Noticed Natasha
  1532 | D:2      | Killed Natasha
  1685 | D:2      | Noticed Sigmund
  1691 | D:2      | Killed Sigmund
  1691 | D:2      | Reached skill level 8 in Spellcasting
  1691 | D:2      | Reached XP level 5. HP: 28/28 MP: 9/17
  1846 | D:2      | Learned a level 4 spell: Iskenderun's Mystic Blast
  1851 | D:2      | Learned a level 4 spell: Fulminant Prism
  1960 | D:3      | Reached XP level 6. HP: 25/32 MP: 9/19
  2108 | D:3      | Noticed lyrx's ghost (amateur DsCj)
  2120 | D:3      | Killed lyrx's ghost
  2120 | D:3      | Reached skill level 9 in Spellcasting
  2513 | D:4      | Reached skill level 10 in Spellcasting
  2672 | D:4      | Reached skill level 1 in Hexes
  2672 | D:4      | Reached XP level 7. HP: 36/36 MP: 16/22
  2770 | D:4      | Noticed Mesmaeker13's ghost (amateur DgSk)
  2783 | D:4      | Killed Mesmaeker13's ghost
  3354 | D:5      | Entered Level 5 of the Dungeon
  3370 | D:5      | Found a radiant altar of Vehumet.
  3413 | D:5      | Became a worshipper of Vehumet
  3431 | D:5      | Reached skill level 5 in Conjurations
  3581 | D:5      | Reached skill level 1 in Fighting
  3581 | D:5      | Reached XP level 8. HP: 43/43 MP: 3/24
  3843 | D:5      | Reached * piety under Vehumet
  3843 | D:5      | Offered knowledge of Flame Tongue by Vehumet.
  3850 | D:5      | Learned a level 1 spell: Flame Tongue
  3975 | D:5      | Reached skill level 1 in Fire Magic
  3976 | D:5      | Found a staircase to the Ecumenical Temple.
  4457 | D:5      | Reached skill level 5 in Dodging
  4457 | D:5      | Reached skill level 11 in Spellcasting
  4463 | D:5      | HP: 2/44 [ice beast (10)]
  4797 | D:5      | Gained mutation: You possess an exceptional clarity of mind. [potion of mutation]
  4797 | D:5      | Gained mutation: You are robust. (+10% HP) [potion of mutation]
  4797 | D:5      | Gained mutation: You are partially covered in iridescent scales. (AC +2) [potion of mutation]
  5114 | D:7      | Reached XP level 9. HP: 32/53 MP: 22/26
  5118 | D:7      | Reached skill level 5 in Hexes
  5653 | D:6      | Noticed Phong's ghost (novice OpVM)
  5658 | D:6      | Killed Phong's ghost
  5744 | D:6      | Reached ** piety under Vehumet
  5744 | D:6      | Offered knowledge of Sandblast by Vehumet.
  6091 | D:6      | Noticed Prince Ribbit
  6100 | D:6      | Reached skill level 5 in Fire Magic
  6120 | D:6      | Killed Prince Ribbit
  6960 | D:7      | Offered knowledge of Mephitic Cloud by Vehumet.
  6960 | D:7      | Reached XP level 10. HP: 48/61 MP: 17/27
  7033 | D:7      | Reached skill level 1 in Evocations
  7692 | D:7      | Found a burning altar of Makhleb.
  7788 | D:8      | Reached *** piety under Vehumet
  7795 | D:8      | Reached skill level 12 in Spellcasting
  7986 | D:8      | Found a hide-covered altar of Uskayaw.
  7986 | D:8      | Found a hazy altar of Hepliaklqana.
  7987 | D:8      | Found a deep blue altar of Sif Muna.
  8025 | D:8      | Found a sand-covered staircase.
  8031 | Ossuary  | Entered an ossuary
  8061 | Ossuary  | Offered knowledge of Stone Arrow by Vehumet.
  8458 | D:8      | Reached **** piety under Vehumet
  8651 | D:8      | Offered knowledge of Inner Flame by Vehumet.
  8737 | D:8      | Found Poboint's Gadget Shoppe.
  8941 | D:8      | Noticed a two-headed ogre
  8946 | D:8      | Killed a two-headed ogre
  9062 | D:9      | Noticed an ice statue
  9257 | D:9      | Noticed Erolcha
  9264 | D:9      | Killed Erolcha
  9264 | D:9      | Reached XP level 11. HP: 68/68 MP: 12/29
  9507 | D:9      | Found a shattered altar of Ashenzari.
  9535 | D:9      | Noticed a two-headed ogre
  9556 | D:9      | Killed a two-headed ogre
  9873 | D:9      | Reached ***** piety under Vehumet
  9875 | D:9      | Offered knowledge of Ozocubu's Refrigeration by Vehumet.
 10125 | D:9      | Found a staircase to the Orcish Mines.
 10184 | D:9      | Found a roughly hewn altar of Beogh.
 10385 | D:10     | Entered Level 10 of the Dungeon
 10385 | D:10     | Found Ytoil's Food Boutique.
 10410 | D:10     | Reached skill level 5 in Fighting
 10713 | D:10     | Found a staircase to the Lair.
 10805 | D:10     | Paralysed by a hornet for 2 turns
 10943 | D:10     | Noticed Sonja
 10945 | D:10     | Killed Sonja
 11434 | D:10     | Reached skill level 5 in Evocations
 11439 | D:10     | Reached skill level 13 in Spellcasting
 11918 | Lair:1   | Entered Level 1 of the Lair of Beasts
 11959 | Lair:1   | Got a dazzling hand axe
 11992 | Lair:1   | Identified the +1 hand axe "Ahon" {flame, +Blink MR+ Int+2 Dex+2} (You found it on level 1 of the Lair of Beasts)
 12077 | Lair:1   | Noticed Erica
 12081 | Lair:1   | Killed Erica
 12089 | Lair:1   | HP: 3/70 [poisoned by Erica (bolt of poison)]
 12094 | Lair:1   | HP: 3/70 [poisoned by Erica (bolt of poison)]
 12576 | Lair:1   | Reached skill level 10 in Fire Magic
 12576 | Lair:1   | Reached XP level 12. HP: 37/74 MP: 23/31
 12957 | Lair:1   | You fall through a shaft!
 14425 | Lair:3   | Offered knowledge of Poison Arrow by Vehumet.
 14809 | Lair:3   | Found a staircase to the Snake Pit.
 15637 | Lair:4   | Reached skill level 10 in Dodging
 15780 | Lair:4   | Reached skill level 14 in Spellcasting
 15783 | Lair:4   | Reached skill level 10 in Conjurations
 16033 | Lair:4   | Found a staircase to the Swamp.
 16723 | Lair:5   | Killed a death yak
 16732 | Lair:5   | Killed a death yak
 16787 | Lair:5   | Noticed a death yak
 16793 | Lair:5   | Noticed a death yak
 16840 | Lair:4   | Reached XP level 13. HP: 76/83 MP: 22/33
 17508 | Lair:5   | Found a staircase to the Slime Pits.
 18715 | Orc:1    | Entered Level 1 of the Orcish Mines
 18724 | D:9      | Identified 2 scrolls of acquirement
 18737 | D:9      | Learned a level 5 spell: Iskenderun's Battlesphere
 18745 | D:9      | Learned a level 7 spell: Orb of Destruction
 19177 | Orc:1    | Found Vitatol's Antique Weapon Emporium.
 19367 | Orc:1    | Got a steaming flail
 19370 | Orc:1    | Identified the +10 flail of the Nine Seas {flame, *Noise rC+ Stlth+} (You found it on level 1 of the Orcish Mines)
 19391 | Orc:1    | Found Luziany's Book Shoppe.
 19411 | Orc:1    | Bought a book of Enchantments for 650 gold pieces
 19782 | Orc:2    | Entered Level 2 of the Orcish Mines
 19876 | Orc:2    | Found a staircase to the Elven Halls.
 20540 | Orc:2    | Noticed an orc warlord
 20544 | Orc:2    | Killed an orc warlord
 20544 | Orc:2    | Offered knowledge of Conjure Ball Lightning by Vehumet.
 20562 | Orc:2    | Found Bigruh's General Store.
 20562 | Orc:2    | Found Afaf's Book Boutique.
 20563 | Orc:2    | Found Keita's Antique Armour Boutique.
 20563 | Orc:2    | Found Pacaqo's Antique Weapon Shop.
 20990 | Orc:2    | Bought the +4 moon troll leather armour {Spirit, Regen++ MP+5} for 1526 gold pieces
 20990 | Orc:2    | Found the +4 moon troll leather armour {Spirit, Regen++ MP+5}
 21946 | D:11     | Noticed Harold
 21961 | D:11     | Killed Harold
 22949 | D:11     | Reached XP level 14. HP: 90/90 MP: 2/34
 24008 | D:12     | Offered knowledge of Freezing Cloud by Vehumet.
 24321 | D:12     | Found Zoczostre's Armour Shop.
 24333 | D:12     | Bought the +1 pair of boots "Weasuw" {*Corrode MR- Int+10 SInv} for 382 gold pieces
 24869 | D:13     | Found a gate to the Vaults.
 25875 | D:14     | Paralysed by a hornet for 2 turns
 26061 | D:14     | Reached skill level 15 in Spellcasting
 26189 | D:14     | Reached skill level 1 in Armour
 26896 | D:14     | Reached skill level 10 in Hexes
 27635 | D:14     | Learned a level 6 spell: Iron Shot
 27640 | D:15     | Entered Level 15 of the Dungeon
 27806 | D:15     | Reached ****** piety under Vehumet
 28050 | D:14     | Reached XP level 15. HP: 79/96 MP: 8/36
 28628 | D:15     | Offered knowledge of Bolt of Cold by Vehumet.
 28950 | D:15     | Got an iridescent mace {antimagic}
 28961 | D:15     | Identified the +10 mace of a bazaar {antimagic, +Inv MP+9 Str-4} (You took it off a crimson imp on level 15 of the Dungeon)
 29272 | D:15     | Noticed Kirke
 29292 | D:15     | Killed Kirke
 29363 | D:15     | Noticed Josephine
 29383 | D:15     | Killed Josephine
 29691 | D:15     | Found a staircase to the Depths.
 30063 | Swamp:1  | Entered Level 1 of the Swamp
 31224 | Swamp:1  | Noticed Donald
 31230 | Swamp:1  | Killed Donald
 32116 | Swamp:2  | Noticed Frances
 32121 | Swamp:2  | Killed Frances
 33454 | Swamp:3  | Offered knowledge of Bolt of Fire by Vehumet.
 33475 | Swamp:3  | Reached XP level 16. HP: 103/103 MP: 16/37
 33593 | Swamp:3  | Noticed a thorn hunter
 33595 | Swamp:3  | Killed a thorn hunter
 33658 | Swamp:3  | Noticed a thorn hunter
 33894 | Swamp:3  | Noticed a thorn hunter
 34055 | Swamp:3  | Noticed Bai Suzhen
 34063 | Swamp:2  | Killed a thorn hunter
 34063 | Swamp:2  | Reached skill level 10 in Evocations
 34405 | Swamp:3  | Killed a thorn hunter
 34630 | Swamp:3  | Noticed a thorn hunter
 34638 | Swamp:3  | Killed a thorn hunter
 34648 | Swamp:4  | Entered Level 4 of the Swamp
 35254 | Swamp:3  | Got an ichor-stained battleaxe
 35334 | Swamp:3  | Identified the +3 battleaxe of Fragile Peace {drain, MR+} (You found it on level 3 of the Swamp)
 35556 | Swamp:3  | Killed Bai Suzhen
 35556 | Swamp:3  | Reached skill level 16 in Spellcasting
 35979 | Swamp:4  | Reached skill level 15 in Fire Magic
 36126 | Swamp:4  | Offered knowledge of Bolt of Cold by Vehumet.
 36672 | Swamp:4  | Slain by an alligator

Skill      XL: |  1  2  3  4  5  6  7  8  9 10 11 12 13 14 15 16 |
---------------+-------------------------------------------------+-----
Spellcasting   | 4 6 8 10 11 12 13 14 15 16 | 16.1
Hexes          | 1 3 4 6 8 10 12 13 | 13.2
Dodging        | 3 5 6 7 8 10 11 12 | 12.7
Conjurations   | 5 6 7 8 9 10 11 12 13 14 | 14.0
Fighting       | 1 2 3 4 5 6 7 8 |  8.9
Fire Magic     | 3 6 8 10 11 12 13 14 15 | 15.1
Evocations     | 3 5 7 8 9 10 | 10.4
Armour         | 1 3 |  3.0
Stealth        | |  2.4

Action                   |  1- 3 |  4- 6 |  7- 9 | 10-12 | 13-15 | 16-18 || total
-------------------------+-------+-------+-------+-------+-------+-------++-------
Melee: Unarmed           |     9 |       |       |       |       |       ||     9
       Short sword       |     2 |     1 |    15 |    35 |       |       ||    53
       Hand axe          |       |       |       |    15 |    51 |     1 ||    67
 Cast: Magic Dart        |    58 |    62 |    86 |   152 |   311 |     3 ||   672
       Searing Ray       |     4 |    11 |    56 |   117 |    76 |     7 ||   271
       Iskenderun's Myst |       |     1 |    45 |   173 |   242 |    69 ||   530
       Fulminant Prism   |       |       |     4 |    28 |    30 |     8 ||    70
       Flame Tongue      |       |       |     1 |     4 |       |       ||     5
       Iskenderun's Batt |       |       |       |       |    53 |     1 ||    54
       Orb of Destructio |       |       |       |       |   145 |    68 ||   213
       Iron Shot         |       |       |       |       |     8 |       ||     8
 Abil: Evoke Blink       |       |       |       |     4 |    50 |     3 ||    57
Evoke: Wand              |       |       |       |    10 |    40 |    10 ||    60
       Crystal ball of e |       |       |       |       |     1 |       ||     1
  Use: Scroll            |       |       |    11 |     6 |    15 |     7 ||    39
       Potion            |       |       |     5 |    12 |     3 |     8 ||    28
  Eat: Chunk             |     2 |     3 |    22 |    27 |    71 |     7 ||   132
       Ration            |       |       |       |       |     2 |     2 ||     4
Armor: Robe              |     1 |     6 |    26 |    35 |       |       ||    68
       Skin              |       |       |       |    10 |       |       ||    10
       Troll leather arm |       |       |       |    60 |   212 |    50 ||   322
Dodge: Dodged            |    22 |    17 |    75 |   314 |   621 |   159 ||  1208
